 Dungeon Crawl Stone Soup version 0.21.0-26-g889b8f6872 (webtiles) character file.

4802 GuyWithAPlan the Nimble (level 10, -4/50 HPs)
             Began as a Tengu Conjurer on Jan 28, 2018.
             Was a High Priest of Okawaru.
             Killed from afar by Erolcha (24 damage)
             ... with a fireball
             ... on level 9 of the Dungeon.
             The game lasted 00:31:34 (10109 turns).

GuyWithAPlan the Nimble (Tengu Conjurer)           Turns: 10109, Time: 00:31:35

Health: -4/50      AC:  7    Str: 13    XL:     10   Next: 48%
Magic:  0/27       EV: 19    Int: 15    God:    Okawaru [*****.]
Gold:   508        SH:  0    Dex: 18    Spells: 4/19 levels left

rFire    . . .     SeeInvis .   l - +3 short sword
rCold    . . .     Gourm    .   (no shield)
rNeg     . . .     Faith    .   v - +3 leather armour
rPois    .         Spirit   .   (helmet restricted)
rElec    .         Reflect  .   A - +0 cloak
rCorr    .         Harm     .   (no gloves)
MR       .....                  (boots unavailable)
Stlth    ++........             C - amulet of magic regeneration
HPRegen  0.16/turn              k - ring of magical power
MPRegen  0.45/turn              J - +4 ring of strength

@: no status effects
A: beak, talons 3, able to fly 1
a: Fly, Heroism, Finesse, Renounce Religion


You were on level 9 of the Dungeon.
You worshipped Okawaru.
Okawaru was extremely pleased with you.
You were very hungry.

You visited 1 branch of the dungeon, and saw 9 of its levels.
You also visited: Sewer.

You collected 508 gold pieces.

Inventory:

Hand Weapons
 g - a +1 short sword of electrocution
 l - a +3 short sword (weapon)
 m - a +0 mace of draining
 H - a +2 whip of pain
Armour
 a - a +0 robe
 j - a +0 leather armour
 v - a +3 leather armour (worn)
 A - a +0 cloak (worn)
Jewellery
 k - a ring of magical power (left hand)
 C - an amulet of magic regeneration (around neck)
 J - a +4 ring of strength (right hand)
 K - an uncursed ring of resist corrosion
Wands
 y - a wand of disintegration (7)
 D - a wand of paralysis (17)
 F - a wand of flame (25)
 M - a wand of iceblast (16)
Scrolls
 e - 6 scrolls of remove curse
 f - 2 scrolls of amnesia {unknown}
 h - 4 scrolls of teleportation
 i - 2 scrolls of fog {unknown}
 q - 3 scrolls of magic mapping {unknown}
 s - 3 scrolls of fear {unknown}
 t - 2 scrolls of enchant weapon {unknown}
 z - 2 scrolls of enchant armour {unknown}
 B - a scroll of blinking {unknown}
 I - a scroll of brand weapon {unknown}
Potions
 n - 5 potions of magic
 o - 2 potions of might
 p - 2 potions of heal wounds
 r - a potion of haste
 u - a potion of curing
 x - 4 potions of mutation {unknown}
 E - a potion of brilliance {unknown}
 G - 3 potions of flight
Books
 b - a book of Conjurations

   Spells                             Type                      Level
   a - Magic Dart                     Conjuration                  1
   b - Searing Ray                    Conjuration                  2
   c - Dazzling Spray                 Conjuration/Hexes            3
   d - Fulminant Prism                Conjuration/Hexes            4
   e - Force Lance                    Conjuration/Translocation    4
   f - Iskenderun's Mystic Blast      Conjuration                  4
 w - a book of Maledictions

   Spells                             Type                      Level
   a - Corona                         Hexes                        1
   b - Ensorcelled Hibernation        Hexes/Ice                    2
   c - Confuse                        Hexes                        3
   d - Tukima's Dance                 Hexes                        3
   e - Dazzling Spray                 Conjuration/Hexes            3
 N - a book of Geomancy

   Spells                             Type                      Level
   a - Sandblast                      Earth                        1
   b - Passwall                       Transmutation/Earth          2
   c - Stone Arrow                    Conjuration/Earth            3
   d - Petrify                        Transmutation/Earth          4
   e - Lee's Rapid Deconstruction     Earth                        5
Comestibles
 c - 3 rations
 L - 2 chunks of flesh


   Skills:
 - Level 3.3 Armour
 - Level 10.0 Dodging
 - Level 2.0 Stealth
 - Level 5.0 Spellcasting
 - Level 8.0 Conjurations
 + Level 7.2 Hexes


You had 4 spell levels left.
You knew the following spells:

 Your Spells              Type           Power        Failure   Level  Hunger
a - Magic Dart            Conj           ####         1%          1    None
b - Iskenderun's Mystic   Conj           ####....     8%          4    ####...
c - Dazzling Spray        Conj/Hex       ####..       2%          3    ###....
d - Confuse               Hex            ####....     3%          3    ###....
e - Fulminant Prism       Conj/Hex       ####......   9%          4    ####...


Dungeon Overview and Level Annotations

Branches:
Dungeon (9/15)             Temple (0/1) D:5            Lair (0/6) D:8
    Orc: D:9-12

Altars:
Ashenzari
Cheibriados
Dithmenos
Fedhas
Gozag
Makhleb
Nemelex Xobeh
Okawaru
Qazlal
Ru
Sif Muna
Vehumet
Yredelemnul

Shops:
D:8 [

Annotations:
D:9 Erolcha


Innate Abilities, Weirdness & Mutations

You have a beak for a mouth.
You have claws for feet.
You can fly.


Message History

Casting: Magic Dart
Confirm with . or Enter, or press ? or * to list all spells.
You don't have enough magic to cast that spell.
Casting: Magic Dart
Confirm with . or Enter, or press ? or * to list all spells.
Aiming: Dazzling Spray
Press: ? - help, Shift-Dir - straight line, f/p - Erolcha
Aim: Erolcha, wielding a giant club and wearing a robe (almost dead)
The spray of energy hits Erolcha.
Erolcha is almost dead.
Erolcha is dazzled.
The spray of energy misses the orc.
The orc throws a javelin.
The javelin barely misses you.
Evoke which item? (* to show all) (? for menu, Esc to quit)
Aiming: Disintegrate
Press: ? - help, Shift-Dir - straight line, f/p - Erolcha
Aim: Erolcha, wielding a giant club and wearing a robe (almost dead, blind, chance to defeat MR: 30%) Erolcha easily resists.
Erolcha gestures at you while chanting.
The fireball explodes!
The fireball engulfs you!
You die...

####.........)...##.####
..........O.......##.#..#
..................##.#..#
.....###..####..#.##....#
.....'.(...# #Oo#....##(#
.....####..# #.##.##.##.#
### #####..# #.##.##.##.#
#......###(##.##.##.#
#........#@##.##....#
#........#.##......##
######...#.##.####.#
#...#......##.#
#........#.##.#
#.....##.#....#
###########...##.######
#..........#..##.#
####.............##.#


You could see Erolcha (blind) and an orc.

Vanquished Creatures
  A two-headed ogre (D:8)
  The ghost of KamiKatze the Destroyer, a novice DECj of Sif Muna (D:8)
  Joseph (D:8)
  The ghost of GuyWithAPlan the Ducker, a novice DsGl of Kikubaaqudgha (D:5)
  2 porcupines (D:8)
  3 orc warriors
  2 phantoms
  2 sky beasts
  An ice beast (D:8)
  An ogre (D:7)
  2 black bears (D:8)
  2 centaurs
  A big kobold (D:7)
  5 bullfrogs
  3 killer bees (D:9)
  A scorpion (D:7)
  3 crimson imps
  2 bullfrog zombies
  3 jellies
  A quasit (D:8)
  6 orc wizards
  A hound (D:8)
  A gnoll shaman (D:5)
  A bullfrog skeleton (D:6)
  3 iron imps (D:7)
  Natasha (D:2)
  4 iguanas
  3 worker ants
  2 hound skeletons
  Robin (D:2)
  4 gnolls
  3 river rats
  12 adders
  4 shadow imps
  2 oozes
  2 worms
  A dart slug (D:2)
  7 leopard geckos
  16 orcs
  6 bats
  5 giant cockroaches
  20 goblins
  7 hobgoblins
  2 jackals (D:4)
  3 quokkas
  5 ball pythons
  A ball python skeleton (D:4)
  8 frilled lizards
  14 kobolds
  2 quokka skeletons
  13 rats
198 creatures vanquished.

Vanquished Creatures (others)
  A worm (D:2)
  A dart slug (D:2)
  22 fulminant prisms
  3 fungi (D:8)
  A plant (D:8)
28 creatures vanquished.

Grand Total: 226 creatures vanquished

Notes
Turn   | Place    | Note
-------+----------+-------------------------------------------
     0 | D:1      | GuyWithAPlan the Tengu Conjurer began the quest for the Orb.
     0 | D:1      | Reached XP level 1. HP: 10/10 MP: 4/4
   667 | D:1      | Reached XP level 2. HP: 15/15 MP: 4/6
  1027 | D:2      | Found an iron altar of Okawaru.
  1030 | D:2      | Reached XP level 3. HP: 19/19 MP: 1/7
  1033 | D:2      | Became a worshipper of Warmaster Okawaru
  1172 | D:2      | Reached XP level 4. HP: 14/24 MP: 4/8
  1314 | D:2      | Learned a level 4 spell: Iskenderun's Mystic Blast
  1456 | D:2      | Found a radiant altar of Vehumet.
  1641 | D:2      | Gained mutation: You can fly. [Tengu growth]
  1641 | D:2      | Reached XP level 5. HP: 28/28 MP: 7/9
  1651 | D:2      | Noticed Robin
  1848 | D:2      | Killed Robin
  1848 | D:2      | Reached skill level 3 in Dodging
  2050 | D:3      | Noticed Natasha
  2060 | D:2      | Killed Natasha
  2153 | D:3      | Found a glowing drain.
  2202 | D:3      | Reached skill level 4 in Dodging
  2397 | Sewer    | Entered a sewer
  2775 | D:3      | Reached XP level 6. HP: 26/32 MP: 10/10
  3038 | D:3      | Learned a level 3 spell: Dazzling Spray
  3076 | D:3      | Found a sacrificial altar of Ru.
  4196 | D:4      | Found a basalt altar of Yredelemnul.
  4335 | D:4      | Reached skill level 5 in Dodging
  4483 | D:4      | Reached * piety under Okawaru
  4657 | D:4      | Found an opulent altar of Gozag.
  4750 | D:4      | Found a sparkling altar of Nemelex Xobeh.
  5064 | D:5      | Entered Level 5 of the Dungeon
  5242 | D:5      | Noticed a sky beast
  5247 | D:5      | Killed a sky beast
  5247 | D:5      | Reached skill level 6 in Dodging
  5247 | D:5      | Reached XP level 7. HP: 36/36 MP: 11/11
  5281 | D:5      | Reached skill level 1 in Hexes
  5427 | D:5      | Found a deep blue altar of Sif Muna.
  5542 | D:5      | Noticed GuyWithAPlan's ghost (novice DsGl)
  5814 | D:5      | Found a stormy altar of Qazlal.
  5923 | D:5      | Found a staircase to the Ecumenical Temple.
  6036 | D:5      | Got a pair of spiked boots
  6111 | D:5      | Found a shattered altar of Ashenzari.
  6544 | D:6      | Reached XP level 8. HP: 40/41 MP: 9/12
  6747 | D:6      | Reached ** piety under Okawaru
  6846 | D:6      | Learned a level 3 spell: Confuse
  7351 | D:5      | Killed GuyWithAPlan's ghost
  7351 | D:5      | Reached skill level 5 in Hexes
  7670 | D:7      | Reached *** piety under Okawaru
  7673 | D:7      | Found a snail-covered altar of Cheibriados.
  7695 | D:7      | Reached XP level 9. HP: 45/45 MP: 13/13
  7818 | D:7      | Found a burning altar of Makhleb.
  8476 | D:8      | Noticed Joseph
  8493 | D:8      | Killed Joseph
  8689 | D:8      | Reached skill level 5 in Spellcasting
  8698 | D:8      | Learned a level 4 spell: Fulminant Prism
  8732 | D:8      | Reached skill level 1 in Armour
  8852 | D:8      | Reached **** piety under Okawaru
  8915 | D:8      | Found a blossoming altar of Fedhas.
  9042 | D:8      | Reached skill level 7 in Dodging
  9202 | D:8      | Noticed a two-headed ogre
  9214 | D:8      | Killed a two-headed ogre
  9214 | D:8      | Reached skill level 8 in Dodging
  9214 | D:8      | Reached XP level 10. HP: 50/50 MP: 15/18
  9240 | D:8      | Found a shadowy altar of Dithmenos.
  9266 | D:8      | Found Fanuyc's Armour Emporium.
  9384 | D:8      | Found a staircase to the Lair.
  9468 | D:8      | Reached skill level 9 in Dodging
  9496 | D:8      | Noticed KamiKatze's ghost (novice DECj)
  9518 | D:8      | Killed KamiKatze's ghost
 10074 | D:9      | Reached skill level 10 in Dodging
 10088 | D:9      | Noticed Erolcha
 10091 | D:9      | Reached ***** piety under Okawaru
 10109 | D:9      | Killed from afar by Erolcha

Skill      XL: |  1  2  3  4  5  6  7  8  9 10 |
---------------+-------------------------------+-----
Conjurations   | 6 7 8 |  8.0
Dodging        | 4 6 8 10 | 10.0
Hexes          | 3 6 7 |  7.2
Spellcasting   | 5 |  5.0
Armour         | 3 |  3.3
Stealth        | |  2.0

Action                   |  1- 3 |  4- 6 |  7- 9 | 10-12 || total
-------------------------+-------+-------+-------+-------++-------
Melee: Unarmed           |     1 |       |       |       ||     1
       Short sword       |     4 |    78 |   106 |       ||   188
       Peck              |     1 |     7 |    17 |       ||    25
       Kick              |     1 |    15 |    31 |       ||    47
 Cast: Magic Dart        |    35 |   107 |   194 |    34 ||   370
       Iskenderun's Myst |       |    11 |    27 |     4 ||    42
       Dazzling Spray    |       |     1 |    46 |    13 ||    60
       Fulminant Prism   |       |       |     7 |    15 ||    22
 Abil: Fly               |       |     3 |     4 |       ||     7
Evoke: Wand              |       |     1 |     4 |     3 ||     8
  Use: Potion            |       |     1 |       |       ||     1
       Scroll            |       |       |       |     6 ||     6
 Stab: Sleeping          |     1 |     2 |       |       ||     3
       Invisible         |       |     1 |     6 |       ||     7
  Eat: Chunk             |     1 |    15 |    14 |     7 ||    37
       Ration            |       |     1 |     4 |       ||     5
Armor: Leather armour    |       |    13 |    35 |     4 ||    52
       Robe              |       |     1 |       |       ||     1
Dodge: Dodged            |     3 |    56 |   157 |    12 ||   228
